 Dungeon Crawl Stone Soup version 0.28-a0-1199-gef9e1dbd39 (webtiles) character file.

Game seed: 1524120992912855392

1502 enile the Skirmisher (level 8, -2/96 HPs)
             Began as a Demonspawn Cinder Acolyte on Dec 19, 2021.
             Was a Follower of Ignis.
             Slain by Maggie (7 damage)
             ... on level 6 of the Dungeon.
             The game lasted 00:16:08 (6474 turns).

enile the Skirmisher (Demonspawn Cinder Acolyte)    Turns: 6474, Time: 00:16:08

Health: -2/96      AC: 31    Str: 17    XL:     8   Next: 52%
Magic:  9/9        EV:  2    Int: 16    God:    Ignis [*.....]
Gold:   209        SH:  0    Dex:  8    Spells: 5/9 levels left

rFire   + . .      SeeInvis .   j - +4 quarterstaff (chaos)
rCold   . . .      Faith    .   (shield currently unavailable)
rNeg    . . .      Spirit   .   (armour currently unavailable)
rPois   +          Reflect  .   (helmet unavailable)
rElec   .          Harm     .   (cloak currently unavailable)
rCorr   .          Rampage  .   (gloves currently unavailable)
Will    .....      NoTele   +   (boots currently unavailable)
Stlth   ++........              (no amulet)
HPRegen 0.26/turn               (no ring)
MPRegen 0.11/turn               (no ring)

@: tree-form, fiery-armoured, mesmerised
A: stationary, stasis, torment immunity, boosted hp, (antennae 3), (icy blue
scales 1), powered by pain 2, condensation shield
a: Renounce Religion, Fiery Armour, Foxfire Swarm


You were on level 6 of the Dungeon.
You worshipped Ignis.
Ignis was aware of your devotion.
You were a tree.
You visited 1 branch of the dungeon, and saw 4 of its levels.
You also visited: Ossuary.

You collected 264 gold pieces.
You spent 55 gold pieces at shops.

Inventory:

Hand Weapons
 b - a +2 whip of flaming
 g - a +2 short sword of electrocution
 j - a +4 quarterstaff of chaos (weapon)
 k - a +1 short sword of holy wrath
Missiles
 l - 51 stones
 s - 23 poisoned darts
Armour
 a - a +0 robe
 d - a +0 robe of cold resistance
 f - a +1 pair of gloves (melded)
 n - a +0 cloak (melded)
 q - a +0 scale mail (melded)
Wands
 i - a wand of flame (3)
 t - a wand of iceblast (2) (quivered)
Scrolls
 c - a scroll of torment {unknown}
 e - a scroll of vulnerability {unknown}
 h - 2 scrolls of immolation {unknown}
 m - 2 scrolls of amnesia
 v - a scroll of blinking {unknown}
 x - a scroll of fog
 y - 2 scrolls of teleportation {unknown}
 z - a scroll of fear {unknown}
Potions
 o - a potion of lignification
 p - a potion of berserk rage
 r - 2 potions of flight {unknown}
 u - a potion of resistance {unknown}
 w - a potion of mutation {unknown}


   Skills:
 - Level 6.0 Fighting
 - Level 3.0 Short Blades
 - Level 4.0 Staves
 - Level 4.0 Armour
 - Level 1.0 Dodging
 - Level 3.0 Stealth
 - Level 3.0 Unarmed Combat
 - Level 1.0 Spellcasting
 - Level 1.0 Hexes
 - Level 3.0 Fire Magic
 - Level 1.0 Ice Magic
 + Level 3.0 Evocations


You had 5 spell levels left.
You knew the following spells:

 Your Spells              Type           Power      Damage    Failure   Level
a - Scorch                Fire           20%        2d6       10%         2
b - Ensorcelled Hibernat  Hex/Ice        8%         N/A       22%         2

Your spell library contained the following spells:

 Spells                   Type           Power      Damage    Failure   Level
 Slow                     Hex            16%        N/A       16%         1
 Corpse Rot               Necr/Air       0%         N/A       34%         2
 Poisonous Vapours        Pois/Air       0%         N/A       34%         2
 Confusing Touch          Hex            4%         N/A       41%         3
 Tukima's Dance           Hex            4%         N/A       41%         3
 Yara's Violent Unravell  Hex/Tmut       1%         3d3       99%         5


Dungeon Overview and Level Annotations

Branches:
Dungeon (3/15)            Ossuary (visited)

Altars:

Shops:
D:2 !([[[   D:6 [

Annotations:
D:6 Maggie


Innate Abilities, Weirdness & Mutations

You are a tree.
Your roots penetrate the ground, keeping you stationary.
You cannot be teleported.
You are immune to unholy pain and torment.
Your maximum health is greatly increased.
Your equipment is partially melded.
((You have a pair of large antennae on your head. (SInv)))
((You are partially covered in icy blue scales. (AC +2)))
You sometimes gain power by taking damage.
A meltable shield of frost defends you. (SH +0)


Message History

Training target 3.0 for Stealth reached!
Your Stealth skill increases to level 3!
You need to enable at least one skill for training.
Training target 3.0 for Evocations reached!
Your Evocations skill increases to level 3!
You need to enable at least one skill for training.
You feel sick. Maggie casts a spell at you. The bolt of fire hits you!
You resist.
* * * LOW HITPOINT WARNING * * *
You see here a water moccasin corpse.
You barely miss Maggie.
Maggie is heavily wounded.
You feel sick. Maggie closely misses you.
You closely miss Maggie.
Maggie is heavily wounded.
You feel sick. Maggie barely misses you.
You closely miss Maggie.
Maggie is heavily wounded.
You feel sick.
Maggie says, "How do the people who live here stand the isolation?"
Maggie hits you but does no damage.
You barely miss Maggie.
Maggie is heavily wounded.
You feel sick. Maggie hits you with a +0 halberd!
* * * LOW HITPOINT WARNING * * *
Maggie is burned by your cloak of flames.
Maggie is heavily wounded.
Okay, then.
It was a potion of lignification.
You turn into a tree.
Your +0 cloak melds into your body.
Your +1 pair of gloves melds into your body.
Your +0 scale mail melds into your body.
Your roots penetrate the ground.
You feel sick.
You are no longer poisoned.
Maggie barely misses you.
You hit Maggie but do no damage.
Maggie is heavily wounded.
Maggie hits you with a +0 halberd!
You die...

##.#..# ##.##..##
........#
#..###..##
#..<....# ...#
##..## #.[.....#
..## #...# .......
.## ##..## ..... ##
#...## ...# #
##...## #@.#
###.....###♣#
##........#..#
##...........##
#...........### ##
#..........##.#
.###..........#..##
..#...............#
#..........###....#
##.........#
##...##


You could see Maggie (mesmerising).

Vanquished Creatures
  Pikel (D:6)
  A wyvern (D:6)
  A water moccasin (D:6)
  A kobold brigand (D:6)
  A lemure (D:6)
  3 centaur zombies (Ossuary)
  3 hounds (D:6)
  2 jellies (D:2)
  An orc priest (D:6)
  A bullfrog skeleton (D:6)
  Terence (D:2)
  Crazy Yiuf (D:2)
  Natasha (thrice) (D:2)
  3 orc wizards (D:6)
  A hound zombie (Ossuary)
  3 mummies (Ossuary)
  Robin (D:2)
  3 gnolls (D:2)
  2 adders
  An ufetubus (D:6)
  An adder zombie (Ossuary)
  4 dart slugs
  3 orcs (D:6)
  5 ball pythons
  10 endoplasms
  3 giant cockroaches
  10 goblins
  4 hobgoblins
  4 jackals (D:1)
  3 quokkas
  3 frilled lizards
  2 goblin zombies (Ossuary)
  4 hobgoblin zombies (Ossuary)
  3 jackal zombies (Ossuary)
  15 kobolds
  5 kobold zombies (Ossuary)
  4 orc zombies (Ossuary)
  5 quokka zombies (Ossuary)
  2 rats
  6 rat zombies (Ossuary)
130 creatures vanquished.

Vanquished Creatures (others)
  34 foxfires (D:2)
  3 fungi (D:2)
  11 toadstools (D:2)
48 creatures vanquished.

Grand Total: 178 creatures vanquished

Notes
Turn   | Place    | Note
-------+----------+-------------------------------------------
     0 | D:1      | enile the Demonspawn Cinder Acolyte began the quest for the
                  | Orb.
     0 | D:1      | Reached XP level 1. HP: 18/18 MP: 2/2
   440 | D:1      | Reached skill level 1 in Armour
   440 | D:1      | Gained mutation: You sometimes gain a little power by
                  | taking damage. [demonic ancestry]
   440 | D:1      | Reached XP level 2. HP: 4/24 MP: 3/3
   873 | D:1      | Found a faded altar of an unknown god.
  1676 | D:1      | Learned a level 2 spell: Scorch
  1725 | D:2      | Found Zicyheinn's Armour Emporium.
  1732 | D:2      | Gained mutation: You have a pair of small antennae on your
                  | head. [demonic ancestry]
  1732 | D:2      | Reached XP level 3. HP: 28/29 MP: 1/4
  2248 | D:2      | Found a runed translucent door.
  2249 | D:2      | Noticed Crazy Yiuf
  2335 | D:2      | Reached skill level 1 in Short Blades
  2433 | D:2      | Gained mutation: You have a pair of antennae on your head.
                  | [demonic ancestry]
  2433 | D:2      | Reached XP level 4. HP: 35/35 MP: 5/5
  2573 | D:2      | Found Lupamunega's Antique Armour Shop.
  2872 | D:2      | Gained mutation: You sometimes gain power by taking damage.
                  | [demonic ancestry]
  2872 | D:2      | Reached XP level 5. HP: 14/41 MP: 1/6
  3265 | D:2      | Found Mifiebb's Antique Armour Shoppe.
  3267 | D:2      | Found Pogib's Weapon Shoppe.
  3372 | D:2      | Noticed Robin
  3385 | D:2      | Killed Robin
  3487 | D:2      | Found Wuaseyluum's Distillery.
  3487 | D:2      | Noticed Natasha
  3492 | D:2      | Bought a potion of berserk rage for 55 gold pieces
  3618 | D:2      | Noticed Terence
  3629 | D:2      | Killed Natasha
  3630 | D:2      | Reached skill level 4 in Fighting
  3635 | D:2      | Killed Terence
  3923 | D:2      | Noticed Natasha
  3933 | D:2      | Killed Natasha
  4080 | D:2      | Learned a level 2 spell: Ensorcelled Hibernation
  4087 | D:2      | Killed Crazy Yiuf
  4088 | D:2      | Gained mutation: A meltable shield of frost defends you.
                  | (SH +0) [demonic ancestry]
  4088 | D:2      | Reached XP level 6. HP: 9/50 MP: 7/7
  4306 | D:2      | Noticed Natasha
  4310 | D:2      | Killed Natasha
  4311 | D:2      | Reached skill level 5 in Fighting
  4336 | D:3      | You fall into a shaft and drop 3 floors!
  4351 | D:6      | Found a sand-covered staircase.
  4363 | D:6      | Reached skill level 1 in Stealth
  4414 | D:6      | Reached skill level 1 in Staves
  4596 | Ossuary  | Entered an ossuary
  4786 | Ossuary  | Gained mutation: You have a pair of large antennae on your
                  | head. (SInv) [demonic ancestry]
  4786 | Ossuary  | Reached XP level 7. HP: 41/56 MP: 8/8
  5298 | D:6      | Noticed Pikel
  5318 | D:6      | Killed Pikel
  5319 | D:6      | Reached skill level 1 in Hexes
  5319 | D:6      | Reached skill level 1 in Ice Magic
  5319 | D:6      | Reached skill level 6 in Fighting
  5319 | D:6      | Gained mutation: You are partially covered in icy blue
                  | scales. (AC +2) [demonic ancestry]
  5319 | D:6      | Reached XP level 8. HP: 49/64 MP: 9/9
  6005 | D:6      | Found Edomocyf's Armour Shoppe.
  6026 | D:6      | Reached skill level 1 in Dodging
  6457 | D:6      | Noticed Maggie
  6472 | D:6      | HP: 3/64 [Maggie (9)]
  6474 | D:6      | Slain by Maggie

Illustrated notes

Levels and vault maps discovered:
D:1:      psy_arrival_basics, layout_loops_cross,
          chequers_ecumenical_altar_simple
D:2:      cheibrodos_fertilizer, layout_basic, serial_shops, shop,
          nicolae_shop_waterfront, nicolae_lakefront_shop, shop, shop,
          grunt_ministairs_7, kennysheep_decorative_pillar, uniq_robin,
          uniq_crazy_yiuf_cottage, uniq_natasha, uniq_terence
D:3:      layout_rooms, lemuel_coloured_pillars_altar
D:6:      layout_cave_pods, nicolae_ossuary_entry_monument, serial_shops,
          nicolae_shop_crystal, uniq_maggie, uniq_pikel

Skill      XL: |  1  2  3  4  5  6  7  8 |
---------------+-------------------------+-----
Unarmed Combat | 3 |  3.0
Armour         | 1 2 3 4 |  4.0
Short Blades   | 1 3 |  3.0
Fire Magic     | 3 |  3.0
Fighting       | 4 5 6 |  6.0
Stealth        | 2 3 |  3.0
Staves         | 2 4 |  4.0
Evocations     | 2 3 |  3.0
Hexes          | 1 |  1.0
Ice Magic      | 1 |  1.0
Dodging        | 1 |  1.0
Spellcasting   | |  1.0

Action                   |  1- 3 |  4- 6 |  7- 9 || total
-------------------------+-------+-------+-------++-------
Melee: Unarmed           |    48 |       |       ||    48
       Short sword       |    26 |    97 |       ||   123
       Punch             |       |     3 |       ||     3
       Quarterstaff      |       |    68 |   103 ||   171
Throw: Stone             |     1 |     3 |       ||     4
 Cast: Scorch            |     1 |     4 |     1 ||     6
Invok: Fiery Armour      |     1 |     4 |     3 ||     8
       Foxfire Swarm     |     1 |     1 |       ||     2
       Rising Flame      |     1 |       |       ||     1
Evoke: Wand              |       |     1 |    11 ||    12
  Use: Potion            |       |     2 |     1 ||     3
       Scroll            |       |       |     4 ||     4
 Stab: Sleeping          |     1 |       |       ||     1
       Paralysed         |       |     3 |     1 ||     4
Armor: Robe              |    18 |    18 |       ||    36
       Scale mail        |       |    35 |    61 ||    96
Dodge: Dodged            |    36 |    84 |    56 ||   176
Block: Other             |       |    13 |    12 ||    25

Table legend: (Time is in decaauts)
 A = Elapsed time spent in this place.
 B = Non-inter-level travel time spent in this place.
 C = Inter-level travel time spent in this place.
 D = Time resting spent in this place.
 E = Time spent auto-exploring this place.
 F = Levels seen in this place.
 G = Mean time per level.
                   A        B        C        D        E       F      G
               +--------+--------+--------+--------+--------+-----+--------+
         Total |   6499 |   6268 |    231 |    807 |   4400 |   5 | 1299.8 |
       Dungeon |   5957 |   5726 |    231 |    807 |   4046 |   4 | 1489.2 |
       Ossuary |    542 |    542 |      0 |      0 |    354 |   1 |  542.0 |
               +--------+--------+--------+--------+--------+-----+--------+

Top non-repeatable levels by time:
     D:2: 2247 daAuts
     D:1: 2085 daAuts
     D:6: 1624 daAuts
 Ossuary: 542 daAuts
